 Dungeon Crawl Stone Soup version 0.30.1-11-g7821555f0a (webtiles) character file.

Game seed: 15668401833489945366

89 booth the Trooper (level 4, 0/37 HPs)
             Began as a Demonspawn Monk on Nov 3, 2023.
             Succumbed to a scorpion's poison
             ... on level 3 of the Dungeon.
             The game lasted 00:12:16 (2002 turns).

booth the Trooper (Demonspawn Monk)                 Turns: 2002, Time: 00:12:17

Health: 0/37       AC:  4    Str: 13    XL:     4   Next: 31%
Magic:  4/4        EV: 13    Int: 12    God:
Gold:   88         SH:  0    Dex: 15    Spells: 3/3 levels left

rFire   + . .        a - +0 hand axe
rCold   + . .        d - orb {light}
rNeg    . . .        b - +0 robe
rPois   .            (no helmet)
rElec   .            j - scarf {rC+ rF+}
rCorr   .            i - +1 pair of gloves
SInv    .            (no boots)
Will    .....        (no amulet)
Stlth   +            (no ring)
HPRegen 0.26/turn    (no ring)
MPRegen 0.18/turn

%: no passive effects
@: brilliant, lethally poisoned (0 -> -7), glowing, invisible (but backlit and
visible)
A: magic regeneration
a: no special abilities


You were on level 3 of the Dungeon.
You visited 1 branch of the dungeon, and saw 3 of its levels.

You collected 88 gold pieces.

Inventory:

Hand Weapons
 a - a +0 hand axe (weapon)
Missiles
 l - 2 poisoned darts (quivered)
 n - 2 silver boomerangs
Armour
 b - a +0 robe (worn)
 d - an orb of light (worn)
 i - a +1 pair of gloves (worn)
 j - a scarf of resistance (worn)
 o - a +0 ring mail of fire resistance
Scrolls
 p - a scroll of amnesia {unknown}
Potions
 c - a potion of ambrosia
 e - 2 potions of flight
 h - a potion of attraction {unknown}
 k - a potion of might {unknown}


   Skills:
 + Level 3.7 Fighting
 * Level 3.5 Axes
 + Level 0.8 Throwing
 + Level 3.3 Dodging


You had 3 spell levels left.
You didn't know any spells.
Your spell library was empty.

Dungeon Overview and Level Annotations

Branches:
Dungeon (3/15)

Altars:
Wu Jian


Innate Abilities, Weirdness & Mutations

You regenerate magic rapidly.


Message History

You hit the scorpion.
The scorpion is lightly wounded.
You barely miss the goblin. The goblin closely misses you.
The scorpion stings you.
You are poisoned.
The scorpion poisons you!
You hit the scorpion.
The scorpion is moderately wounded.
You closely miss the goblin.
You feel very sick.
The scorpion stings you but does no damage.
The goblin hits you but does no damage. The scorpion stings you.
You barely miss the scorpion.
The scorpion is moderately wounded.
You barely miss the goblin.
You feel sick. The goblin closely misses you. The scorpion misses you.
The goblin closely misses you.
You barely miss the scorpion.
The scorpion is moderately wounded.
You hit the goblin.
You feel sick.
The scorpion stings you but does no damage.
The goblin barely misses you.
You hit the scorpion.
The scorpion is moderately wounded.
You hit the goblin.
You kill the goblin!
You feel sick. The scorpion completely misses you.
The scorpion closely misses you.
You feel sick.
It was a potion of invisibility.
You become transparent, but the glow from your halo prevents you from becoming completely invisible.
You feel sick. The scorpion stings you.
* * * LOW HITPOINT WARNING * * *
You are lethally poisoned!
The scorpion poisons you! The endoplasm barely misses you.
The scorpion attacks as you move away! The scorpion closely misses you.
* * * LOW HITPOINT WARNING * * *
You feel sick.
It was a potion of brilliance.
You feel clever all of a sudden.
You die...

###...................
.)...##..#>#...#......
.....##..#.#......#.#.
............##..### #
..........#.##..###.#.#
.........###..<.......#
......)...#.##..#...###
.......Js#.###..........
#...##).#@..###.#.######
........?###.##.#.#
###.##.#.# .##.#.# #
#.#.# ##.#.# #.##. #.#.#
#. ## .. ##


You could see a scorpion and an endoplasm.

Vanquished Creatures
  2 adders (D:2)
  3 gnolls (D:2)
  A worm (D:2)
  2 dart slugs
  4 endoplasms
  A giant cockroach (D:1)
  5 goblins
  4 hobgoblins
  2 kobolds (D:1)
  3 quokkas (D:1)
  3 bats
  3 frilled lizards (D:1)
  2 rats
35 creatures vanquished.

Notes
Turn   | Place    | Note
-------+----------+-------------------------------------------
     0 | D:1      | booth the Demonspawn Monk began the quest for the Orb.
     0 | D:1      | Reached XP level 1. HP: 18/18 MP: 1/1
   236 | D:1      | Gained mutation: You regenerate magic rapidly. [demonic
                  | ancestry]
   236 | D:1      | Reached XP level 2. HP: 4/24 MP: 2/2
  1213 | D:2      | Found an ornate altar of the Wu Jian Council.
  1221 | D:2      | Reached XP level 3. HP: 29/29 MP: 3/3
  1433 | D:2      | Reached XP level 4. HP: 32/36 MP: 4/4
  1984 | D:3      | Noticed a scorpion
  2002 | D:3      | Succumbed to a scorpion's poison

Illustrated notes

Levels and vault maps discovered:
D:1:      lemuel_arrival_river_ford, layout_basic
D:2:      minmay_door_path, layout_rooms, basic_altar,
          minmay_misc_feat_nine_boxes
D:3:      layout_loops_ring, minmay_ruptured

Skill      XL: |  1  2 |
---------------+-------+-----
Axes           | 3 |  3.5
Dodging        | 3 |  3.3
Fighting       | |  3.7
Throwing       | |  0.8

Action                     |  1- 3 |  4- 6 || total
---------------------------+-------+-------++-------
  Melee: Hand axe          |    77 |    38 ||   115
  Throw: Boomerang         |    11 |       ||    11
    Use: Scroll            |     2 |     1 ||     3
         Potion            |     1 |     3 ||     4
 Armour: Robe              |    11 |     5 ||    16
  Dodge: Dodged            |    55 |    24 ||    79
